 Dungeon Crawl Stone Soup version 0.29-a0-664-gff9cad4a3d (webtiles) character file.

Game seed: 735377024829923243

119 happo123 the Conjurer (level 5, -6/29 HPs)
             Began as a Gargoyle Conjurer on June 23, 2022.
             Killed from afar by an orc wizard (9 damage)
             ... with a puff of flame
             ... on level 3 of the Dungeon.
             The game lasted 00:11:08 (1644 turns).

happo123 the Conjurer (Gargoyle Conjurer)           Turns: 1644, Time: 00:11:09

Health: -6/29      AC:  7    Str: 11    XL:     5   Next: 3%
Magic:  1/8        EV: 12    Int: 20    God:
Gold:   149        SH:  0    Dex:  8    Spells: 3/9 levels left

rFire   . . .      SeeInvis .   d - +0 whip
rCold   . . .      Faith    .   (no shield)
rNeg    + . .      Spirit   .   a - +0 robe
rPois   ∞          Reflect  .   f - +0 helmet
rElec   +          Harm     .   (no cloak)
rCorr   .          Rampage  .   (no gloves)
Will    +....                   (no boots)
Stlth   ++........              (no amulet)
HPRegen 0.09/turn               g - ring of willpower
MPRegen 0.11/turn               (no ring)

@: no status effects
A: sickness immunity, AC +4, negative energy resistance 1, electricity
resistance, torment resistance 1, petrification resistance
a: no special abilities


You were on level 3 of the Dungeon.
You visited 1 branch of the dungeon, and saw 3 of its levels.

You collected 149 gold pieces.

Inventory:

Hand Weapons
 c - a +0 dagger
 d - a +0 whip (weapon)
Armour
 a - a +0 robe (worn)
 f - a +0 helmet (worn)
Jewellery
 g - a ring of willpower (left hand)
Scrolls
 k - a scroll of identify {unknown}
Potions
 b - a potion of magic
 e - a potion of flight {unknown}
 h - a potion of invisibility {unknown}
 i - a potion of might {unknown}
 j - a potion of heal wounds {unknown}


   Skills:
 + Level 1.4 Fighting
 + Level 1.0 Maces & Flails
 + Level 1.2 Armour
 + Level 2.0 Dodging
 + Level 2.8 Stealth
 * Level 2.6 Spellcasting
 * Level 4.9 Conjurations
 + Level 1.0 Hexes


You had 3 spell levels left.
You knew the following spells:

 Your Spells              Type           Power      Damage    Failure   Level
a - Magic Dart            Conj           88%        1d7       1%          1
b - Searing Ray           Conj           44%        2d6       3%          2
c - Dazzling Flash        Conj/Hex       28%        N/A       13%         3

Your spell library contained the following spells:

 Spells                   Type           Power      Damage    Failure   Level
 Fulminant Prism          Conj/Hex       7%         3d7       41%         4
 Iskenderun's Mystic Bla  Conj/Tloc      12%        2d5       47%         4
 Olgreb's Toxic Radiance  Pois           2%         N/A       83%         4
 Ozocubu's Refrigeration  Ice            1%         4d5       100%        7
 Ignition                 Fire           1%         3d3       100%        8


Dungeon Overview and Level Annotations

Branches:
Dungeon (3/15)

Altars:


Innate Abilities, Weirdness & Mutations

You are immune to sickness and miasma.
Your stone body is resilient. (AC +4)
You are immune to poison.
You resist negative energy. (rN+)
You are resistant to electric shocks. (rElec)
You are resistant to unholy torment.
You are immune to petrification.


Message History

The searing ray misses the orc wizard. (Press . to maintain the ray.)
Aiming: Magic Dart (safe; 1% risk of failure)
Press: ? - help, Q - select action, (/) - cycle Shift-Dir - straight line, f - orc priest, p - orc wizard
Aim: an orc priest, wielding a +0 short sword (almost dead, 100% to hit)
The magic dart hits the orc priest.
You kill the orc priest!
The orc priest looks encouraged for a moment.
Your Maces & Flails skill increases to level 1!
Your Dodging skill increases to level 2!
Your Hexes skill increases to level 1!
You have reached level 5!
The orc wizard hits you with a +0 dagger.
Items here: )) [ †.
You barely miss the orc wizard.
The orc wizard hits you with a +0 dagger.
* * * LOW HITPOINT WARNING * * *
Casting: Magic Dart (safe; 1% risk of failure)
Confirm with . or Enter, or press ? or * to list all spells.
Aiming: Searing Ray (safe; 3% risk of failure)
Press: ? - help, Shift-Dir - straight line, f - orc priest
Aim: an orc priest, wielding a +0 dagger and wearing a +0 scale mail (81% to hit)
The searing ray misses the orc wizard.
The searing ray hits the orc priest.
The orc priest is lightly wounded. (Press . to maintain the ray.)
The orc wizard hits you with a +0 dagger.
* * * LOW HITPOINT WARNING * * *
You closely miss the orc wizard. The orc wizard barely misses you.
The orc priest miscasts a cantrip.
You barely miss the orc wizard.
The orc wizard hits you with a +0 dagger.
* * * LOW HITPOINT WARNING * * *
You hit the orc wizard.
The orc wizard is lightly wounded.
The orc wizard misses you.
You barely miss the orc wizard.
The orc wizard is lightly wounded.
The orc wizard casts a spell at you. The puff of flame hits you!
You die...

#
###########..###
#.......@oo.....
#.########.#.###
#.# # #.# #.#
#.# #.# #.. #.#
#.# #.# #.# #


You could see an orc priest and an orc wizard.

Vanquished Creatures
  An orc priest (D:3)
  An orc wizard (D:3)
  An adder (D:2)
  2 dart slugs
  5 orcs (D:3)
  5 ball pythons
  6 endoplasms
  A giant cockroach (D:2)
  5 hobgoblins
  3 jackals (D:2)
  A quokka (D:1)
  6 bats
  A frilled lizard (D:1)
  A goblin (D:1)
  3 kobolds
  2 rats
44 creatures vanquished.

Notes
Turn   | Place    | Note
-------+----------+-------------------------------------------
     0 | D:1      | happo123 the Gargoyle Conjurer began the quest for the Orb.
     0 | D:1      | Reached XP level 1. HP: 10/10 MP: 3/3
   187 | D:1      | Reached XP level 2. HP: 11/15 MP: 0/5
   200 | D:1      | Learned a level 2 spell: Searing Ray
   787 | D:2      | Reached XP level 3. HP: 20/20 MP: 1/6
   791 | D:2      | Learned a level 3 spell: Dazzling Flash
  1494 | D:3      | Reached skill level 1 in Fighting
  1538 | D:3      | Reached skill level 1 in Armour
  1538 | D:3      | Reached XP level 4. HP: 25/25 MP: 1/7
  1638 | D:3      | Reached skill level 1 in Maces & Flails
  1638 | D:3      | Reached skill level 1 in Hexes
  1638 | D:3      | Reached XP level 5. HP: 12/29 MP: 2/8
  1644 | D:3      | Killed from afar by an orc wizard

Illustrated notes

Levels and vault maps discovered:
D:1:      heliophobic_arrival_dark_side_of_the_moon, layout_loops_ring
D:2:      layout_loops_ring, nicolae_figureground_pulse
D:3:      layout_loops_ring, mainiacjoe_overflow_catwalk,
          worldfamousw_hep_ancestral_shrine, uniq_natasha, uniq_sigmund

Skill      XL: |  1  2  3  4 |
---------------+-------------+-----
Fighting       | 1 |  1.4
Armour         | 1 |  1.2
Maces & Flails | 1 |  1.0
Dodging        | 2 |  2.0
Hexes          | 1 |  1.0
Stealth        | |  2.8
Spellcasting   | |  2.6
Conjurations   | |  4.9

Action                   |  1- 3 |  4- 6 || total
-------------------------+-------+-------++-------
Melee: Dagger            |    11 |       ||    11
       Whip              |    49 |    15 ||    64
       Punch             |     1 |     1 ||     2
 Cast: Magic Dart        |    45 |     5 ||    50
       Searing Ray       |     2 |     3 ||     5
 Stab: Sleeping          |     3 |       ||     3
Armor: Robe              |    35 |     3 ||    38
Dodge: Dodged            |    58 |     6 ||    64

Table legend: (Time is in decaauts)
 A = Elapsed time spent in this place.
 B = Non-inter-level travel time spent in this place.
 C = Inter-level travel time spent in this place.
 D = Time resting spent in this place.
 E = Time spent auto-exploring this place.
 F = Levels seen in this place.
 G = Mean time per level.
                   A        B        C        D        E       F      G
               +--------+--------+--------+--------+--------+-----+--------+
         Total |   1645 |    727 |    918 |      0 |    358 |   3 |  548.3 |
       Dungeon |   1645 |    727 |    918 |      0 |    358 |   3 |  548.3 |
               +--------+--------+--------+--------+--------+-----+--------+

Top non-repeatable levels by time:
     D:2: 784 daAuts
     D:1: 708 daAuts
     D:3: 152 daAuts
